Map: Acolyte LE

Players

Cuervo

  • Race: Zerg Zerg
  • Spawn Location: 7:00

Cracken - Winner!

  • Race: Protoss Protoss
  • League: Silver
  • Spawn Location: 1:00

VOD

Have the link to the VOD?

Description

Time

  • Played on: Sept. 18, 2017, 1:29 p.m.
  • Length: 17:03
Show
View Real Time Build Order
Export as new Build Order

Cuervo Zerg 

Build Orders: Hatch First 

Get SALT Encoding   

  12  0:02  Drone  
  13  0:12  Overlord  
  13  0:18  Drone  
  14  0:31  Drone x2  
  16  0:35  Drone  
  17  0:54  Hatchery  
  17  0:56  Drone  
  17  1:00  Drone  
  17  1:03  Extractor  
  17  1:07  Drone  
  18  1:18  Spawning Pool  
  17  1:22  Drone  
  18  1:29  Drone  
  20  1:40  Drone  
  20  1:51  Overlord  
  20  2:09  Extractor  
  20  2:11  Queen  
  20  2:12  Queen  
  23  2:23  Drone  
  23  2:25  Hatchery, Zergling x2  
  24  2:31  Metabolic Boost  
  24  2:35  Drone  
  25  2:39  Drone  
  25  2:42  Drone  
  27  2:52  Drone x2  
  27  3:03  Zergling x2  
  28  3:06  Overlord  
  28  3:20  Zergling x2  
  29  3:40  Zergling x6  
  29  3:41  Zergling x4  
  34  3:44  Queen  
  34  3:46  Queen  
  38  3:58  Evolution Chamber x2  
  38  4:00  Drone x2  
  38  4:03  Drone x2  
  40  4:13  Drone x3  
  43  4:20  Drone  
  43  4:23  Overlord  
  44  4:30  Roach Warren  
  43  4:39  Zergling x2  
  43  4:41  Queen  
  43  4:43  Zerg Melee Weapons Level 1  
  46  4:49  Zerg Ground Armor Level 1  
  46  4:50  Zergling x4  
  48  4:56  Zergling x2  
  48  4:57  Zergling x4  
  51  5:00  Overlord  
  51  5:05  Overlord  
  39  5:43  Roach  
  39  5:44  Roach x10  
  61  6:00  Hatchery  
  60  6:11  Zergling x8  
  64  6:19  Drone x2  
  66  6:38  Drone  
  66  6:39  Drone  
  68  6:42  Overlord  
  68  6:44  Overlord x2  
  68  7:01  Hatchery  
  67  7:10  Drone  
  67  7:11  Drone x9  
  67  7:12  Drone  
  78  7:15  Overlord  
  78  7:18  Drone  
  78  7:44  Lair  
  78  7:48  Drone x12  
  78  7:49  Drone x2  
  92  8:03  Drone  
  92  8:04  Drone x6  
  99  8:18  Ravager  
  100  8:25  Roach  
  100  8:26  Roach x4  
  110  8:28  Overlord  
  110  8:29  Overlord x4  
  110  8:42  Zerg Melee Weapons Level 2  
  110  8:43  Zerg Ground Armor Level 2  
  110  8:44  Glial Reconstitution  
  110  8:50  Pneumatized Carapace  
  110  9:11  Hatchery  
  109  9:28  Roach  
  109  9:29  Roach x18  
  147  9:31  Queen  
  149  9:41  Overlord x6  
  149  9:47  Spire  
  148  10:10  Hatchery  
  147  10:15  Zergling x2  
  147  10:16  Zergling x34  
  162  11:02  Drone  
  162  11:03  Drone x15  
  178  11:11  Burrow  
  178  11:13  Extractor  
  178  11:16  Extractor  
  176  11:31  Lair  
  177  11:32  Zergling x2  
  177  11:33  Zergling x30  
  177  11:34  Zergling x2  
  193  11:40  Ravager x2  
  193  11:41  Ravager x4  
  199  11:57  Overseer  
  199  12:52  Hatchery  
  198  13:01  Infestation Pit  
  197  13:23  Zergling x2  
  197  13:24  Zergling x20  
  197  13:25  Zergling x2  
  197  13:31  Zergling x10  
  169  13:49  Mutalisk x7  
  169  13:50  Mutalisk x2  
  169  14:06  Mutalisk  
  110  14:37  Extractor  
  110  14:38  Zergling x8  
  103  14:39  Zergling x44, Extractor  
  103  14:42  Spore Crawler  
  108  15:13  Mutalisk  
  108  15:14  Mutalisk x4  
  108  15:20  Spore Crawler  
  117  15:37  Mutalisk  
  117  15:38  Mutalisk x2  
  115  15:49  Spore Crawler  
  96  15:53  Spore Crawler  
  89  16:00  Spore Crawler  
  89  16:02  Spore Crawler  
  84  16:04  Spore Crawler  
  69  16:29  Overlord  
  69  16:30  Overlord x4  
  67  16:53  Spawning Pool  
Show
View Real Time Build Order
Export as new Build Order

Cracken Protoss - Winner!

Build Orders:  

Get SALT Encoding   

  12  0:14  Pylon  
  12  0:33  Forge  
  12  0:41  Gateway  
  12  0:44  Probe (Chrono Boost)  
  13  0:56  Pylon  
  13  1:18  Photon Cannon  
  13  1:22  Pylon  
  13  1:34  Cybernetics Core  
  13  1:38  Assimilator  
  13  1:46  Probe (Chrono Boost)  
  14  1:55  Zealot (Chrono Boost)  
  14  1:57  Probe (Chrono Boost)  
  17  2:12  Photon Cannon  
  17  2:26  Photon Cannon  
  17  2:35  Probe  
  18  2:47  Probe  
  19  2:59  Probe  
  19  3:02  Warp Gate (Chrono Boost)  
  20  3:11  Probe  
  21  3:21  Nexus  
  21  3:23  Probe  
  22  3:40  Robotics Facility  
  22  3:50  Pylon  
  22  3:54  Pylon  
  22  3:56  Probe  
  23  4:05  Zealot  
  23  4:08  Probe  
  26  4:15  Assimilator  
  26  4:20  Probe  
  27  4:32  Probe, Sentry  
  27  4:36  Observer  
  31  4:44  Probe  
  32  4:48  Photon Cannon, Probe  
  33  4:56  Probe  
  33  4:57  Pylon  
  33  4:59  Probe  
  35  5:10  Probe  
  36  5:15  Immortal  
  40  5:23  Gateway  
  40  5:39  Probe  
  41  5:49  Pylon  
  41  5:50  Probe  
  41  5:51  Assimilator  
  41  5:54  Probe  
  41  5:55  Observer  
  41  5:56  Assimilator  
  44  6:00  Probe  
  44  6:03  Gateway  
  45  6:07  Pylon  
  45  6:11  Probe  
  46  6:18  Stargate  
  46  6:21  Probe  
  47  6:26  Immortal  
  47  6:32  Twilight Council, Probe  
  52  6:40  Mothership Core  
  52  6:42  Probe  
  52  6:47  Pylon  
  55  6:53  Probe  
  56  7:03  Probe, Stalker x2  
  56  7:07  Void Ray  
  65  7:14  Probe  
  65  7:16  Probe  
  65  7:20  Pylon  
  65  7:21  Charge (Chrono Boost)  
  67  7:24  Probe  
  67  7:28  Gateway  
  68  7:35  Probe, Pylon  
  69  7:46  Probe, Zealot  
  69  7:48  Zealot  
  69  7:50  Void Ray  
  78  7:52  Zealot  
  80  8:01  Pylon  
  80  8:04  Pylon  
  80  8:06  Pylon  
  80  8:12  Stargate  
  80  8:17  Zealot  
  80  8:18  Zealot  
  80  8:19  Zealot  
  86  8:33  Void Ray  
  90  8:39  Stalker  
  90  8:40  Stalker  
  94  8:42  Zealot  
  96  8:56  Void Ray  
  100  9:10  Pylon  
  100  9:13  Pylon  
  100  9:16  Void Ray  
  104  9:38  Nexus  
  104  9:39  Void Ray  
  104  9:40  Assimilator  
  104  9:45  Assimilator  
  108  9:49  Pylon  
  108  9:56  Stargate  
  108  9:59  Stargate  
  108  10:03  Void Ray  
  112  10:19  Gateway  
  112  10:22  Void Ray  
  112  10:23  Gateway  
  112  10:26  Gateway  
  116  10:44  Void Ray  
  116  10:46  Void Ray  
  124  10:55  Void Ray  
  128  11:07  Void Ray  
  132  11:17  Observer  
  133  11:27  Void Ray  
  133  11:29  Void Ray  
  141  11:38  Observer  
  141  11:39  Probe  
  143  11:47  Void Ray  
  143  11:49  Probe  
  148  11:57  Void Ray  
  148  12:00  Probe  
  152  12:02  Zealot  
  155  12:10  Probe  
  156  12:21  Probe  
  157  12:39  Pylon  
  157  12:42  Pylon  
  157  12:50  Pylon  
  157  12:52  Pylon  
  157  12:53  Pylon  
  157  12:55  Probe  
  157  12:56  Pylon  
  157  12:57  Void Ray  
  162  13:00  Void Ray  
  166  13:06  Probe  
  166  13:09  Void Ray  
  166  13:10  Void Ray  
  175  13:17  Probe  
  142  13:40  Void Ray  
  109  14:54  Probe  
  109  14:59  Probe  
  110  15:04  Void Ray x2, Probe  
  110  15:05  Void Ray x2  
  128  15:09  Probe  
  129  15:15  Probe  
  129  15:20  Probe  
  130  15:27  Pylon  
  132  15:30  Probe  
  129  16:24  Nexus  
Tags
 
League
Silver
Matchup
PvZ
Spawn Locations
Cross Positions
Add a new tag
Caveats
  • Supply blocks, unpowered buildings, or Contaminate may cause inaccurate times.
  • Supply counts are checked every 10 seconds.